 Dungeon Crawl Stone Soup version 0.32-a0-422-g28b100f618 (webtiles) character file.

Game seed: 454480976560942767

23115 cforsyth the Fencer (level 13, -2/109 HPs)
             Began as a Coglin Gladiator on Feb 21, 2024.
             Was an Elder of Wu Jian.
             Slain by a fire elemental (12 damage)
             ... led by Azrael
             ... on level 13 of the Dungeon.
             The game lasted 00:43:56 (18601 turns).

cforsyth the Fencer (Coglin Gladiator)             Turns: 18601, Time: 00:43:56

Health: -2/109     AC: 23    Str: 20    XL:     13   Next: 4%
Magic:  13/13      EV:  8    Int:  7    God:    Wu Jian [****..]
Gold:   765        SH:  0    Dex: 23    Spells: 12/12 levels left

rFire   . . .        a - +1 long sword (spect) {Zoran}
rCold   + . .        X - +9 rapier "Teucrus" {holy, Will- Str+2 Dex+3}
rNeg    . . .        x - +1 plate armour {Will+}
rPois   .            c - +0 helmet
rElec   .            A - +1 cloak
rCorr   +            V - +0 pair of gloves
SInv    +            N - +0 pair of boots
Will    .....        o - amulet of magic regeneration Stlth
                     v - ring of see invisible
HPRegen 0.38/turn    r - ring of Attitude {rC+ rCorr}
MPRegen 0.53/turn

%: no passive effects
@: hasted, very quick
A: off-hand wielding, slow wielding, warmup strikes, legs shutdown, strong 1
a: Renounce Religion, Wall Jump, Serpent's Lash


You were on level 13 of the Dungeon.
You worshipped Wu Jian.
Wu Jian was greatly pleased with you.
You visited 1 branch of the dungeon, and saw 13 of its levels.
You also visited: Sewer and Bailey.

You collected 1229 gold pieces.
You spent 464 gold pieces at shops.


Innate Abilities, Weirdness & Mutations

You can wield a second weapon in your off-hand.
It takes a long time for you to wield or remove held weapons.
Your first few attacks do less damage.
Attacking and casting redirects power from your legs.
Your muscles are strong. (Str +4, Int/Dex -1)


   Skills:
 + Level 12.8 Fighting
 + Level 15.8 Long Blades
 - Level 1.7 Throwing
 + Level 11.4 Armour
 - Level 2.6 Dodging


You had 12 spell levels left.
You didn't know any spells.
Your spell library contained the following spells:

 Spells                   Type           Power      Damage    Failure   Level
 Freeze                   Ice            0%         1d3       100%        1
 Blink                    Tloc           0%         N/A       100%        2
 Lesser Beckoning         Tloc           0%         N/A       100%        2
 Momentum Strike          Conj/Tloc      0%         3d8       100%        2
 Frozen Ramparts          Ice            0%         1d1       100%        3
 Hailstorm                Conj/Ice       0%         3d5       100%        3
 Summon Ice Beast         Ice/Summ       0%         N/A       100%        3
 Summon Forest            Summ/Tloc      0%         N/A       100%        5
 Eringya's Noxious Bog    Alch           0%         4d6       100%        6
 Sculpt Simulacrum        Ice/Alch       0%         N/A       100%        6
 Summon Hydra             Summ           0%         N/A       100%        7

Inventory:

Hand Weapons
 a - a +1 spectral long sword (weapon) {Zoran}
 X - the +9 rapier "Teucrus" (offhand) {holy, Will- Str+2 Dex+3}
   (You took it off a centaur warrior on level 10 of the Dungeon)

   Str+2:     It affects your strength (+2).
   Dex+3:     It affects your dexterity (+3).
   Will-:     It decreases your willpower.
Missiles
 d - 3 throwing nets (quivered) {=f}
 e - 22 javelins
Armour
 c - a +0 helmet (worn)
 x - a +1 plate armour of willpower (worn)
 A - a +1 cloak (worn)
 N - a +0 pair of boots (worn)
 V - a +0 pair of gloves (worn)
Jewellery
 f - a ring of fire
 m - a ring of magical power
 o - an amulet of magic regeneration (around neck)
 r - the ring of Attitude (right grasper) {rC+ rCorr}
   (You found it on level 2 of the Dungeon)

   [ring of protection from cold]

   rC+:       It protects you from cold.
   rCorr:     It protects you from acid and corrosion.
 s - a +6 ring of strength
 v - a ring of see invisible (left grasper)
 z - a ring of protection from fire
 F - a ring of protection from fire
 G - a ring of protection from fire
 K - the ring of Viloes {Wiz Str+3}
   (You found it on level 4 of the Dungeon)

   [ring of wizardry]

   Wiz:       It improves your spell success rate.
   Str+3:     It affects your strength (+3).
 L - a ring of flight
 P - a ring of poison resistance
 S - a +6 ring of strength
 T - a +4 ring of protection
 Z - a ring of wizardry
Wands
 w - a wand of flame (7)
 E - a wand of polymorph (16)
 I - a wand of charming (5)
 U - a wand of iceblast (3)
Scrolls
 g - 3 scrolls of enchant armour
 l - 5 scrolls of enchant weapon
 p - a scroll of amnesia {unknown}
 t - 4 scrolls of poison
 u - 2 scrolls of torment
 D - a scroll of vulnerability
 H - a scroll of fog
 M - 2 scrolls of immolation
 R - 4 scrolls of identify {@r1}
Potions
 b - a potion of mutation
 i - a potion of invisibility
 j - 2 potions of attraction
 k - 3 potions of brilliance
 q - a potion of resistance
 B - a potion of might
 C - a potion of berserk rage {!q}
 J - a potion of ambrosia {unknown}
 O - a potion of haste {@q3}
 Q - 2 potions of curing {@q1}
 W - a potion of magic {unknown}
 Y - a potion of lignification
Miscellaneous
 n - a phial of floods

Dungeon Overview and Level Annotations

Branches:
Dungeon (13/15)            Temple (0/1) D:6            Lair (0/5) D:10
    Orc (0/2) D:11          Sewer (visited)          Bailey (visited)
 Vaults: D:13-14

Altars:
Ashenzari
Cheibriados
Fedhas
Gozag
Hepliaklqana
Kikubaaqudgha
Qazlal
Ru
Sif Muna
Trog
Uskayaw
Vehumet
Wu Jian
Xom
The Shining One
Lugonu

Shops:
D:4 ?   D:5 (   D:7 !   D:10 ?

Portals:
Abyss: D:3

Annotations:
D:3 2 runed translucent doors
D:5 2 transporters
D:7 2 transporters, zenocrate's ghost, novice DsDe
D:9 2 transporters, CowFu's ghost, novice MDFi
D:10 1 runed translucent door, pokeman's ghost, journeyman DEHW
D:12 Azrael

.)..........
...J.......▓
...........▓
...........▓
▓.........▓
▓.........▓▓▓▓
▓......[......
▓.....@.......
▓....E.E......
....Y.≈≈§......
.....≈≈≈≈§.....
.....≈≈≈≈≈.....
.....§§§§≈....≈
.....§≈§≈....§§
.....§§......§≈


You could see a catoblepas, a slime creature (fleeing) and 2 fire elementals.


Message History

The fire elemental misses you. The fire elemental hits you.
The fire elemental burns you!
* * * LOW HITPOINT WARNING * * *
You climb downwards.
The catoblepas bellows!
The slime creature quivers.
You hear a shout!
Found a robe and a whip.
There is a stone staircase leading up here.
Okay, then.
Okay, then.
Okay, then.
As you read the scroll of fear, it crumbles to dust.
You assume a fearsome visage.
The catoblepas resists with almost no effort.
The slime creature looks frightened! x2; The fire elemental is unaffected. x2
The fire elemental hits you. The fire elemental burns you!
* * * LOW HITPOINT WARNING * * *
The fire elemental hits you. The fire elemental burns you!
* * * LOW HITPOINT WARNING * * *
Unknown command.
Unknown command.
Unknown command.
Okay, then.
You feel yourself speed up. The fire elemental hits you.
The fire elemental burns you!
* * * LOW HITPOINT WARNING * * *
The fire elemental barely misses you. The fire elemental hits you.
The fire elemental burns you!
You die...

Skill      XL: |  1  2  3  4  5  6  7  8  9 10 11 12 |
---------------+-------------------------------------+-----
Armour         | 1 2 3 4 5 7 8 10 11 | 11.4
Fighting       | 3 4 5 6 8 9 11 12 | 12.8
Long Blades    | 4 5 6 8 10 12 14 15 | 15.8
Throwing       | |  1.7
Dodging        | |  2.6

Action                     |  1- 3 |  4- 6 |  7- 9 | 10-12 | 13-15 || total
---------------------------+-------+-------+-------+-------+-------++-------
  Melee: Long sword        |    56 |   137 |   400 |   682 |    23 ||  1298
         Dagger            |       |    86 |   366 |   585 |       ||  1037
         Rapier            |       |       |       |    70 |    24 ||    94
 Invoke: Serpent's Lash    |       |       |       |     1 |       ||     1
Ability: Lunge             |       |       |    22 |    58 |     1 ||    81
         Whirlwind         |       |       |    13 |    44 |     1 ||    58
         Wall Jump         |       |       |       |     1 |       ||     1
  Evoke: Wand              |       |       |     6 |    20 |     3 ||    29
    Use: Scroll            |       |       |    15 |    17 |     1 ||    33
         Potion            |       |       |    20 |     7 |     1 ||    28
   Stab: Sleeping          |     2 |     1 |     1 |       |       ||     4
         Distracted        |       |       |       |     7 |       ||     7
 Armour: Leather armour    |    41 |   108 |    96 |       |       ||   245
         Plate armour      |       |       |   257 |   542 |    50 ||   849
         Skin              |       |       |     2 |    10 |       ||    12
  Dodge: Dodged            |    39 |    92 |   148 |   173 |     8 ||   460

Levels and vault maps discovered:
D:1:      dpeg_arrival_fog, layout_loops_ring, chequers_serial_rivers_micro_e,
          glass_columns_c, minmay_box_of_dots
D:2:      layout_rooms, chequers_ecumenical_altar_twisty, uniq_robin,
          uniq_natasha
D:3:      due_chaos_kobolds, layout_rooms, minmay_misc_feat_rows,
          minmay_misc_feat_hallway, uniq_jessica
D:4:      layout_cave_pools, nicolae_wu_jian_wuxing_cycle, serial_shops, shop,
          nicolae_zen_rock_garden
D:5:      gammafunk_wand_slinger, layout_loops_ring, old_standard_altar,
          slow_altar_2, mainiacjoe_overflow_divided_tiny,
          gup_sewer_entry_bubbles, serial_library_hellmonk_room_a,
          kennysheep_small_square
D:6:      layout_gridville, lemuel_tele_altar, minmay_temple_entry_trees,
          nicolae_grassy_gnolls
D:7:      layout_basic, gammafunk_temple_overflow_elements, serial_shops, shop,
          gammafunk_ghost_smash, david_defended_altar_orc, uniq_maggie,
          uniq_maurice
D:8:      layout_loops_ring
D:9:      layout_roguey, nicolae_hepliaklqana_hippocampus,
          chequers_temple_overflow_minitemple, enter_bailey_2,
          gammafunk_ghost_berserking_beasts
D:10:     minmay_the_grid_net [minmay_the_grid_eight, minmay_the_grid_tiny_cups,
          minmay_the_grid_small_cups, minmay_the_grid_minigrid_large,
          minmay_the_grid_minigrid_small,
          minmay_the_grid_prize_shrinking_boxes], layout_rooms,
          david_lair_generic, ebering_ghost_reflecting_pool, serial_shops,
          nicolae_diamond_shop
D:11:     layout_loops_cross, david_orc_3
D:12:     layout_basic, minmay_orc_keep, uniq_snorg, uniq_azrael
D:13:     layout_big_octagon, grunt_decor_one_mirror

Notes
Turn   | Place    | Note
-------+----------+-------------------------------------------
     0 | D:1      | cforsyth the Coglin Gladiator began the quest for the Orb.
     0 | D:1      | Reached XP level 1. HP: 16/16 MP: 1/1
   157 | D:1      | Reached XP level 2. HP: 22/22 MP: 2/2
   230 | D:1      | Reached skill level 1 in Armour
   495 | D:1      | Reached XP level 3. HP: 25/28 MP: 3/3
   773 | D:2      | Noticed Natasha
   898 | D:2      | Killed Natasha
   899 | D:2      | Reached skill level 3 in Fighting
   899 | D:2      | Reached XP level 4. HP: 31/35 MP: 4/4
   922 | D:2      | Noticed Natasha
   944 | D:2      | Killed Natasha
   947 | D:2      | Reached skill level 2 in Armour
   976 | D:2      | Noticed Natasha
   985 | D:2      | Killed Natasha
   986 | D:2      | Reached skill level 4 in Long Blades
   986 | D:2      | Reached XP level 5. HP: 23/41 MP: 5/5
  1149 | D:2      | Noticed Robin
  1554 | D:2      | Killed Robin
  1630 | D:2      | Identified the ring of Attitude {rC+ rCorr}
  1888 | D:2      | Found a faded altar of an unknown god.
  2032 | D:3      | Noticed Jessica
  2036 | D:3      | Reached XP level 6. HP: 44/48 MP: 6/6
  2045 | D:3      | Killed Jessica
  2179 | D:3      | Reached skill level 4 in Fighting
  2303 | D:3      | Reached skill level 3 in Armour
  2315 | D:3      | Found a large runed translucent door.
  2315 | D:3      | Found a large runed translucent door.
  2316 | D:3      | Found a corrupted altar of Lugonu.
  2434 | D:3      | Found a one-way gate to the infinite horrors of the Abyss.
  2521 | D:4      | Reached skill level 5 in Long Blades
  2521 | D:4      | Reached XP level 7. HP: 42/55 MP: 7/7
  3138 | D:4      | Noticed a steam dragon
  3389 | D:4      | Killed a steam dragon
  3390 | D:4      | Reached skill level 5 in Fighting
  3390 | D:4      | Reached skill level 4 in Armour
  3656 | D:4      | Found an ornate altar of the Wu Jian Council.
  3673 | D:4      | Became a worshipper of the Wu Jian Council
  3754 | D:4      | Found Ikkutai's Magic Scroll Boutique.
  3769 | D:4      | Identified the ring of Viloes {Wiz Str+3}
  3775 | D:4      | Bought a scroll of identify for 26 gold pieces
  3857 | D:5      | Entered Level 5 of the Dungeon
  3858 | D:5      | Identified 2 scrolls of acquirement
  3858 | D:5      | Acquired 478 gold pieces
  3860 | D:5      | Acquired a manual of Long Blades
  3889 | D:5      | HP: 1/56 [ogre/+0 giant club (28)]
  3893 | D:5      | Reached skill level 6 in Long Blades
  3893 | D:5      | Reached XP level 8. HP: 27/63 MP: 8/8
  4085 | D:5      | Found a blossoming altar of Fedhas.
  4087 | D:5      | Found a shimmering blue altar of Sif Muna.
  4127 | D:5      | Found an ancient bone altar of Kikubaaqudgha.
  4251 | D:5      | Found a transporter.
  4303 | D:5      | Found a glowing drain.
  4310 | Sewer    | Entered a sewer
  4384 | Sewer    | HP: 5/63 [crocodile (15)]
  4897 | D:5      | Reached skill level 6 in Fighting
  4897 | D:5      | Reached skill level 7 in Long Blades
  4995 | D:5      | Found Dadoomul's Antique Weapon Shoppe.
  5002 | D:5      | Reached skill level 5 in Armour
  5027 | D:5      | Reached * piety under Wu Jian
  5530 | D:5      | Found a transporter.
  5611 | D:5      | Found a snail-covered altar of Cheibriados.
  5768 | D:6      | Found a staircase to the Ecumenical Temple.
  5831 | D:6      | Found a sacrificial altar of Ru.
  6037 | D:6      | Reached skill level 8 in Long Blades
  6053 | D:6      | Reached XP level 9. HP: 66/71 MP: 9/9
  6319 | D:6      | Reached skill level 7 in Fighting
  6936 | D:7      | Identified a potion of resistance
  6980 | D:7      | Reached skill level 6 in Armour
  6998 | D:7      | Reached skill level 9 in Long Blades
  7368 | D:7      | Found a bloodstained altar of Trog.
  7468 | D:7      | Found a hide-covered altar of Uskayaw.
  7468 | D:7      | Found a shimmering altar of Xom.
  7488 | D:7      | Found Veaptye's Distillery.
  7488 | D:7      | Noticed Maggie
  7523 | D:7      | HP: 4/72 [Maggie/+1 broad axe of venom (13)]
  7524 | D:7      | HP: 1/72 [Maggie/+1 broad axe of venom (10)]
  7529 | D:7      | HP: 3/72 [Maggie/bolt of fire (5)]
  8059 | D:8      | Reached ** piety under Wu Jian
  8245 | D:7      | Bought a potion of might for 64 gold pieces
  8245 | D:7      | Bought a potion of heal wounds for 80 gold pieces
  8254 | D:7      | Bought a potion of curing for 48 gold pieces
  8254 | D:7      | Bought a potion of curing for 48 gold pieces
  8254 | D:7      | Bought a potion of curing for 48 gold pieces
  8282 | D:7      | Killed Maggie
  8283 | D:7      | Reached skill level 8 in Fighting
  8283 | D:7      | Reached skill level 10 in Long Blades
  8467 | D:7      | Found a transporter.
  8468 | D:7      | Noticed zenocrate's ghost (novice DsDe)
  8468 | D:7      | Noticed a two-headed ogre
  8469 | D:7      | Found a transporter.
  8525 | D:7      | Reached skill level 7 in Armour
  8570 | D:7      | Noticed Maurice
  8752 | D:7      | Something stole a staff of earth {!a}
  8755 | D:7      | Something stole 479 gold
  8756 | D:7      | Something stole the ring of Viloes {Wiz Str+3}
  8765 | D:7      | Something stole a javelin
  8769 | D:7      | Something stole 33 gold
  8785 | D:7      | Killed Maurice
  8786 | D:7      | Reached XP level 10. HP: 25/82 MP: 1/10
  9464 | D:8      | Reached skill level 11 in Long Blades
 10089 | D:9      | Found a transporter.
 10090 | D:9      | Noticed a moth of wrath
 10090 | D:9      | Noticed CowFu's ghost (novice MDFi)
 10102 | D:9      | Found a transporter.
 10154 | D:9      | Found a flagged portal.
 10163 | Bailey   | Entered a bailey
 10443 | Bailey   | Reached skill level 9 in Fighting
 10460 | Bailey   | HP: 7/83 [orc warrior/+0 halberd (6)]
 10460 | Bailey   | HP: 3/83 [centaur/+6 trident (4)]
 10846 | Bailey   | Reached skill level 8 in Armour
 11128 | Bailey   | Reached *** piety under Wu Jian
 11226 | Bailey   | Gained mutation: Your muscles are strong. (Str +4, Int/Dex
                  | -1) [potion of mutation]
 11259 | Bailey   | Reached skill level 12 in Long Blades
 11869 | D:9      | Found an opulent altar of Gozag.
 11869 | D:9      | Found a broken altar of Ashenzari.
 11877 | D:9      | Found a glowing golden altar of the Shining One.
 11879 | D:9      | Found a radiant altar of Vehumet.
 11881 | D:9      | Found a stormy altar of Qazlal.
 11978 | D:9      | Found a hazy altar of Hepliaklqana.
 12441 | D:10     | Entered Level 10 of the Dungeon
 12441 | D:10     | Found a runed translucent door.
 12445 | D:10     | Noticed pokeman's ghost (journeyman DEHW)
 12484 | D:10     | Found a staircase to the Lair.
 12484 | D:10     | Noticed an elephant
 12498 | D:9      | Reached XP level 11. HP: 85/90 MP: 11/11
 12553 | D:10     | Noticed a two-headed ogre
 12560 | D:10     | Killed a two-headed ogre
 12561 | D:10     | Reached skill level 10 in Fighting
 12561 | D:10     | Reached skill level 13 in Long Blades
 12674 | D:10     | Noticed a yaktaur captain
 12687 | D:10     | Killed a yaktaur captain
 12688 | D:10     | Reached skill level 9 in Armour
 12919 | D:10     | Noticed a centaur warrior
 12928 | D:10     | Killed a centaur warrior
 13127 | D:10     | HP: 5/92 [gargoyle/+0 morningstar (13)]
 13408 | D:10     | Found Bokoxkomoa's Magic Scroll Boutique.
 13421 | D:10     | Bought a scroll of blinking for 90 gold pieces
 13421 | D:10     | Bought a scroll of identify for 24 gold pieces
 13421 | D:10     | Bought a scroll of teleportation for 36 gold pieces
 13523 | D:10     | Reached skill level 14 in Long Blades
 13524 | D:10     | Paralysed by a hornet for 1 turns
 13534 | D:10     | Noticed a two-headed ogre
 13842 | D:10     | Reached **** piety under Wu Jian
 13871 | D:10     | Paralysed by a hornet for 3 turns
 13874 | D:10     | HP: 6/92 [troll (9)]
 13890 | D:10     | Noticed a two-headed ogre
 13890 | D:10     | Noticed a catoblepas
 13891 | D:10     | HP: 3/92 [orc priest/divine providence (12)]
 13917 | D:10     | HP: 7/92 [troll (4)]
 14629 | D:10     | Killed a two-headed ogre
 14630 | D:10     | Reached skill level 11 in Fighting
 15149 | D:10     | Killed a two-headed ogre
 15150 | D:10     | Reached skill level 10 in Armour
 15150 | D:10     | Reached XP level 12. HP: 79/100 MP: 12/12
 15182 | D:10     | Identified the +9 rapier "Teucrus" {holy, Will- Str+2
                  | Dex+3}
 15182 | D:10     | Noticed a centaur warrior
 15191 | D:10     | Killed a centaur warrior
 15412 | D:10     | Reached skill level 15 in Long Blades
 16045 | D:11     | Found a staircase to the Orcish Mines.
 16532 | D:11     | Reached skill level 12 in Fighting
 17555 | D:12     | Noticed a two-headed ogre
 17558 | D:12     | Killed a two-headed ogre
 17560 | D:12     | Noticed a centaur warrior
 17565 | D:12     | Killed a centaur warrior
 17566 | D:12     | Reached skill level 11 in Armour
 17800 | D:12     | Noticed Snorg
 17807 | D:12     | Killed Snorg
 17901 | D:12     | Noticed a two-headed ogre
 18008 | D:12     | Killed a two-headed ogre
 18009 | D:12     | Reached XP level 13. HP: 101/109 MP: 13/13
 18555 | D:12     | Noticed Azrael
 18601 | D:13     | HP: 10/109 [fire elemental[Azrael] (5)]
 18601 | D:13     | Slain by a fire elemental

Vanquished Creatures
  Snorg (D:12)
  A yaktaur captain (D:10)
  5 two-headed ogres
  3 centaur warriors
  Maurice (D:7)
  A cyclops (D:11)
  A manticore (D:10)
  An elephant (D:10)
  Maggie (D:7)
  2 yaktaurs (D:10)
  2 gargoyles
  A kobold demonologist (D:11)
  4 trolls
  A hornet (D:10)
  4 slime creatures
  6 wraiths
  2 shadows (D:11)
  A vampire (D:9)
  10 yaks
  2 wyverns (D:10)
  5 vampire mosquitoes
  4 steam dragons
  A basilisk (D:12)
  5 acid dragons
  2 water moccasins
  15 orc warriors
  A sky beast (D:8)
  A black bear (shapeshifter) (D:11)
  3 black bears
  3 ogres
  A laughing skull (D:10)
  A crocodile (Sewer)
  12 centaurs
  A phantom (D:5)
  3 kobold brigands
  A bullfrog (D:8)
  3 gnoll sergeants
  2 scorpions (D:5)
  A wight (D:10)
  17 killer bees
  6 howler monkeys
  3 hounds
  A bombardier beetle (D:5)
  2 gnoll boudas
  17 orc priests
  A jelly (D:6)
  A sleepcap (D:4)
  Jessica (D:3)
  8 iguanas
  9 orc wizards
  Natasha (thrice) (D:2)
  Robin (D:2)
  10 adders
  20 gnolls
  4 white imps
  2 ufetubi (D:7)
  3 dart slugs
  2 ribbon worms (D:2)
  52 orcs
  4 ball pythons
  5 bats
  7 endoplasms
  4 giant cockroaches
  15 goblins
  7 hobgoblins
  9 jackals
  4 quokkas
  3 frilled lizards
  12 kobolds
  3 rats
351 creatures vanquished.

Vanquished Creatures (collateral kills)
  An orc warrior (Bailey)
  A centaur (Bailey)
  An orc (Bailey)
3 creatures vanquished.

Vanquished Creatures (others)
  An orc (D:12)
  2 spectral weapons
3 creatures vanquished.

Grand Total: 357 creatures vanquished

Table legend: (Time is in decaauts)
 A = Elapsed time spent in this place.
 B = Non-inter-level travel time spent in this place.
 C = Inter-level travel time spent in this place.
 D = Time resting spent in this place.
 E = Time spent auto-exploring this place.
 F = Levels seen in this place.
 G = Mean time per level.
                   A        B        C        D        E       F      G
               +--------+--------+--------+--------+--------+-----+--------+
         Total |  18466 |  17990 |    476 |   5126 |   9236 |  15 | 1231.1 |
       Dungeon |  16410 |  15934 |    476 |   4026 |   8859 |  13 | 1262.3 |
         Sewer |    392 |    392 |      0 |    233 |     81 |   1 |  392.0 |
        Bailey |   1663 |   1663 |      0 |    867 |    295 |   1 | 1663.0 |
               +--------+--------+--------+--------+--------+-----+--------+

Top non-repeatable levels by time:
    D:10: 2706 daAuts
  Bailey: 1663 daAuts
     D:9: 1643 daAuts
     D:7: 1643 daAuts
     D:5: 1541 daAuts
    D:11: 1460 daAuts
     D:6: 1345 daAuts
     D:1: 1221 daAuts
     D:4: 1216 daAuts
    D:12: 1101 daAuts
     D:8: 928 daAuts
     D:2: 800 daAuts
     D:3: 798 daAuts
   Sewer: 392 daAuts
    D:13: 1 daAuts

Table legend:
 A = Non-vault XP
 B = Vault XP
 C = Vault XP percentage of total XP
 D = Non-vault monster count
 E = Vault monster count
 F = Vault count percentage of total count
                 A         B        C        D         E       F
            +---------+---------+-------+---------+---------+-------
      Total |   16887 |   16135 |  48.9 |     223 |     132 |  37.2
            +---------+---------+-------+---------+---------+-------
        D:1 |      47 |      33 |  41.2 |      11 |      11 |  50.0
        D:2 |     147 |      56 |  27.6 |      23 |       3 |  11.5
        D:3 |     286 |      38 |  11.7 |      23 |       1 |   4.2
        D:4 |     455 |       0 |   0.0 |      21 |       0 |   0.0
        D:5 |     640 |     153 |  19.3 |      15 |       6 |  28.6
        D:6 |     492 |     276 |  35.9 |      13 |       8 |  38.1
        D:7 |     592 |     980 |  62.3 |      21 |       3 |  12.5
        D:8 |    1496 |       0 |   0.0 |      17 |       0 |   0.0
        D:9 |    1285 |     127 |   9.0 |      20 |       1 |   4.8
       D:10 |    2211 |   10312 |  82.3 |      15 |      31 |  67.4
       D:11 |    3300 |     499 |  13.1 |      25 |      10 |  28.6
       D:12 |    5936 |    1245 |  17.3 |      19 |      10 |  34.5
      Sewer |       0 |     140 | 100.0 |       0 |       8 | 100.0
     Bailey |       0 |    2276 | 100.0 |       0 |      40 | 100.0
            +---------+---------+-------+---------+---------+-------
